 Dungeon Crawl Stone Soup version 0.26.1-11-gd32895ea62 (webtiles) character file.

Game seed: 16494015440488521547

31 nothank2 the Sneak (level 3, -1/21 HPs)
             Began as a Halfling Enchanter on July 15, 2021.
             Slain by a worm (3 damage)
             ... on level 2 of the Dungeon.
             The game lasted 00:03:42 (1120 turns).

nothank2 the Sneak (Halfling Enchanter)             Turns: 1120, Time: 00:03:44

Health: -1/21      AC:  5    Str:  9    XL:     3   Next: 40%
Magic:  0/5        EV: 15    Int: 13    God:
Gold:   36         SH:  0    Dex: 18    Spells: 2/5 levels left

rFire    . . .     SeeInvis .   a - +1 dagger
rCold    . . .     Faith    .   (shield restricted)
rNeg     . . .     Spirit   .   i - +0 robe (curse)
rPois    .         Reflect  .   (no helmet)
rElec    .         Harm     .   (no cloak)
rCorr    .         Rampage  .   c - +2 pair of gloves {Dex+3}
Will     .....                  (no boots)
Stlth    +++.......             (no amulet)
HPRegen  0.07/turn              (no ring)
MPRegen  0.09/turn              (no ring)

@: no status effects
A: small, mutation resistance 1
a: no special abilities


You were on level 2 of the Dungeon.
You visited 1 branch of the dungeon, and saw 2 of its levels.

You collected 36 gold pieces.

Inventory:

Hand Weapons
 a - a +1 dagger (weapon)
Armour
 b - a +0 robe
 c - a +2 pair of gloves of dexterity (worn)
 i - a cursed +0 robe (worn)
Jewellery
 k - an uncursed ring of stealth {unknown}
Scrolls
 e - 2 scrolls of identify {unknown}
 f - a scroll of blinking {unknown}
 g - a scroll of enchant weapon {unknown}
 h - a scroll of remove curse {unknown}
 j - a scroll of amnesia {unknown}
Potions
 d - 2 potions of attraction {unknown}


   Skills:
 - Level 1.2 Short Blades
 - Level 2.1 Dodging
 + Level 4.1 Stealth
 - Level 1.5 Spellcasting
 + Level 3.0 Hexes


You had 2 spell levels left.
You knew the following spells:

 Your Spells              Type           Power        Failure   Level
a - Corona                Hex            8%           8%          1
b - Ensorcelled Hibernat  Hex/Ice        8%           22%         2

Your spell library contained the following spells:

 Spells                   Type           Power        Failure   Level
 Confusing Touch          Hex            8%           22%         3
 Tukima's Dance           Hex            8%           22%         3
 Dazzling Flash           Conj/Hex       8%           41%         3


Dungeon Overview and Level Annotations

Branches:
Dungeon (2/15)

Altars:


Innate Abilities, Weirdness & Mutations

You are small and have problems with some larger weapons.
You are somewhat resistant to further mutation.


Message History

You are too injured to fight recklessly!
You are too injured to fight recklessly!
Casting: Corona (safe; 8% risk of failure)
Confirm with . or Enter, or press ? or * to list all spells.
Aiming: Corona (safe; 8% risk of failure)
Press: ? - help, Shift-Dir - straight line, f/p - worm
Aim: a worm (severely wounded, chance to affect: 51%)
The worm struggles to resist.
The worm bites you.
* * * LOW HITPOINT WARNING * * *
You hit the worm.
The worm is almost dead.
You barely miss the worm.
The worm is almost dead.
The worm bites you but does no damage.
You hit the worm but do no damage.
The worm is severely wounded.
You hit the worm.
The worm is almost dead.
The worm bites you.
You die...

#.## ...#
...######
#........
#...?....
#.####........
#........#
#.###w#...#
#@###...$?.
##.# ..####
#.# ## ##


You could see a worm.

Vanquished Creatures
  A dart slug (D:1)
  A leopard gecko (D:1)
  3 giant cockroaches (D:1)
  4 goblins
  5 hobgoblins (D:1)
  2 bats (D:1)
  4 kobolds (D:1)
  6 rats (D:1)
26 creatures vanquished.

Notes
Turn   | Place    | Note
-------+----------+-------------------------------------------
     0 | D:1      | nothank2 the Halfling Enchanter began the quest for the
                  | Orb.
     0 | D:1      | Reached XP level 1. HP: 11/11 MP: 3/3
   313 | D:1      | Reached XP level 2. HP: 14/17 MP: 2/4
   615 | D:1      | Learned a level 2 spell: Ensorcelled Hibernation
   665 | D:1      | Reached skill level 4 in Stealth
   665 | D:1      | Reached XP level 3. HP: 19/21 MP: 5/5
  1120 | D:2      | Slain by a worm

Illustrated notes

Levels and vault maps discovered:
D:1:      lightli_iron_boxes, layout_loops_ring
D:2:      layout_loops_ring, lemuel_coloured_pillars_altar, lemuel_doored_altar,
          minmay_misc_feat_rugged, grunt_ministairs_14

Skill      XL: |  1  2  3 |
---------------+----------+-----
Stealth        | 4 |  4.1
Hexes          | 3 |  3.0
Short Blades   | |  1.2
Dodging        | |  2.1
Spellcasting   | |  1.5

Action                   || total
-------------------------++-------
Melee: Dagger            ||   132
 Cast: Corona            ||    14
 Stab: Sleeping          ||     4
Armor: Robe              ||    32
Dodge: Dodged            ||    76
